 Dungeon Crawl Stone Soup version 0.32-a0-666-ge8a88695a4 (webtiles) character file.

Game seed: 11750940846241472758

184 ASSMAN the Conjurer (level 5, 0/35 (42) HPs)
             Began as a Coglin Reaver on Mar 9, 2024.
             Slain by an orc
             ... wielding a +0 flail
              (8 damage)
             ... on level 5 of the Dungeon.
             The game lasted 00:04:22 (2382 turns).

ASSMAN the Conjurer (Coglin Reaver)                 Turns: 2382, Time: 00:04:23

HP:   0/35 (42)     AC:  4    Str: 12    XL:     5   Next: 64%
MP:   6/7           EV: 11    Int: 15    God:
Gold: 186           SH:  0    Dex: 12    Spells: 4/7 levels left

rFire   . . .        a - +0 hand axe {Xiuhtonal}
rCold   . . .        c - +0 dagger {Svenja}
rNeg    . . .        b - +0 leather armour
rPois   .            (no helmet)
rElec   .            (no cloak)
rCorr   .            (no gloves)
SInv    .            m - +0 pair of boots
Will    .....        (amulet unavailable)
Stlth   +            (ring unavailable)
HPRegen 0.25/turn    (ring unavailable)
MPRegen 0.10/turn    (no gizmo)

%: no passive effects
@: brilliant, marked, weakened, heavily drained
A: off-hand wielding, slow wielding, warmup strikes, no jewellery
a: Invent Gizmo, Convert to Beogh


You were on level 5 of the Dungeon.
You visited 1 branch of the dungeon, and saw 5 of its levels.

You collected 186 gold pieces.

Inventory:

Hand Weapons
 a - a +0 hand axe (weapon) {Xiuhtonal}
 c - a +0 dagger (offhand) {Svenja}
Armour
 b - a +0 leather armour (worn)
 h - a +0 plate armour
 m - a +0 pair of boots (worn)
Scrolls
 e - 3 scrolls of identify {unknown}
 i - a scroll of torment {unknown}
 j - a scroll of vulnerability {unknown}
 l - a scroll of immolation {unknown}
 n - a scroll of teleportation {unknown}
Potions
 d - a potion of invisibility
 k - a potion of mutation {unknown}
 o - a potion of haste {unknown}
 p - a potion of heal wounds {unknown}


   Skills:
 + Level 4.2 Fighting
 - Level 3.0 Axes
 - Level 1.7 Dodging
 - Level 1.7 Spellcasting
 + Level 4.3 Conjurations


You had 4 spell levels left.
You knew the following spells:

 Your Spells              Type           Power      Damage    Failure   Level
a - Kiss of Death         Conj/Necr      44%        2d8       12%         1
b - Momentum Strike       Conj/Tloc      22%        3d8       19%         2

Your spell library contained the following spells:

 Spells                   Type           Power      Damage    Failure   Level
 Apportation              Tloc           2%         N/A       28%         1
 Hailstorm                Conj/Ice       11%        3d6       34%         3
 Jinxbite                 Hex            2%         N/A       41%         2
 Mercury Vapours          Alch/Air       2%         N/A       41%         2
 Mephitic Cloud           Conj/Alch/Air  8%         N/A       43%         3
 Freezing Cloud           Conj/Ice/Air   4%         6-21      99%         5
 Alistair's Intoxication  Alch           0%         N/A       100%        5


Dungeon Overview and Level Annotations

Branches:
Dungeon (6/15)
 Temple: D:4-7

Altars:


Innate Abilities, Weirdness & Mutations

You can wield a second weapon in your off-hand.
It takes a long time for you to wield or remove held weapons.
Your first few attacks do less damage.
You cannot equip rings or amulets.


Message History

A scorpion is nearby!
A scorpion is nearby!
Things that are here:
a +0 flail; a gnoll corpse A gnoll bouda comes into view.
It is wielding a +0 whip.
You flicker back into view.
The gnoll bouda shouts!
You hear a shout!
A gnoll comes into view. It is wielding a +0 club.
The scorpion barely misses you. The scorpion stings you.
* * * LOW HITPOINT WARNING * * *
The gnoll bouda barks out a call to the hunt!
The gnoll picks up the pace!
A gnoll comes into view. It is wielding a +0 club.
You hear a shout!
Casting: Kiss of Death (safe; 13% risk of failure)
Confirm with . or Enter, or press ? or * to list all spells.
Aiming: Kiss of Death (safe; 13% risk of failure)
Press: ? - help, Shift-Dir - straight line, f - scorpion
Aim: a scorpion (almost dead, 100% to hit)
You feel a surge of power!
The fragment of death hits the scorpion!
The scorpion is drained!
You kill the scorpion!
You feel drained.
Your Fighting skill increases to level 4!
The gnoll bouda gazes fiercely through you!
You feel your attacks grow feeble.
You hear a shout!
Things that are here:
a +0 flail; a gnoll corpse
There is a stone staircase leading up here.
The gnoll bouda gazes fiercely through you!
You feel as though you will be weak longer.
The gnoll pulls the alarm!
The alarm trap emits a blaring wail!
A sentinel's mark forms upon you.
You hear an angry hiss. x3; You hear a shout!
You climb upwards.
The gnoll closely misses you. The orc hits you with a +0 flail!
You die...

.....g.........
#...#...<.# .##
#.>.# ..
...####g..# ...
.........##..##
......o........
##.........#!#..
#....##.og.#.#.
.##...@....<...
###..g..#.###
##...##...
#.#... #..
....... $.
####+###


You could see an orc priest, 3 gnolls and an orc.

Vanquished Creatures
  A scorpion (D:6)
  4 adders
  3 gnolls
  2 dart slugs
  A ribbon worm (D:2)
  2 ball pythons (D:2)
  An endoplasm (D:1)
  4 goblins
  7 hobgoblins
  3 jackals (D:3)
  3 quokkas
  2 bats
  6 frilled lizards
  2 kobolds (D:1)
  21 rats
62 creatures vanquished.

Notes
Turn   | Place    | Note
-------+----------+-------------------------------------------
     0 | D:1      | ASSMAN the Coglin Reaver began the quest for the Orb.
     0 | D:1      | Reached XP level 1. HP: 16/16 MP: 3/3
   179 | D:1      | Reached XP level 2. HP: 18/21 MP: 4/4
   377 | D:1      | Reached XP level 3. HP: 16/25 MP: 5/5
  1400 | D:2      | Reached XP level 4. HP: 32/35 MP: 6/6
  2237 | D:3      | Learned a level 2 spell: Momentum Strike
  2305 | D:3      | You fall into a shaft and drop 3 floors!
  2338 | D:5      | Entered Level 5 of the Dungeon
  2338 | D:5      | Noticed a scorpion
  2360 | D:6      | Reached XP level 5. HP: 7/33 MP: 7/7
  2382 | D:5      | Slain by an orc

Illustrated notes

Levels and vault maps discovered:
D:1:      evilmike_arrival_plus, layout_basic, hangedman_decor_clover_reticule
D:2:      layout_basic, minmay_rat_hole
D:3:      minmay_recursive_quarters, layout_basic,
          nicolae_hepliaklqana_hazy_memory, ebering_ecumenical_altar_petrified,
          minmay_misc_feat_square
D:5:      layout_rooms, mainiacjoe_overflow_six_doors_small,
          mainiacjoe_overflow_catwalk
D:6:      layout_basic, nicolae_elyvilon_peaceful_grove

Skill      XL: |  1  2  3  4  5 |
---------------+----------------+-----
Conjurations   | 3 4 |  4.3
Fighting       | 3 4 |  4.2
Axes           | |  3.0
Dodging        | |  1.7
Spellcasting   | |  1.7

Action                     |  1- 3 |  4- 6 || total
---------------------------+-------+-------++-------
  Melee: Hand axe          |    74 |    59 ||   133
         Dagger            |    73 |    56 ||   129
   Cast: Kiss of Death     |     3 |     3 ||     6
    Use: Potion            |       |     3 ||     3
   Stab: Invisible         |       |     1 ||     1
 Armour: Leather armour    |    47 |    44 ||    91
  Dodge: Dodged            |    41 |    49 ||    90

Table legend: (Time is in decaauts)
 A = Elapsed time spent in this place.
 B = Non-inter-level travel time spent in this place.
 C = Inter-level travel time spent in this place.
 D = Time resting spent in this place.
 E = Time spent auto-exploring this place.
 F = Levels seen in this place.
 G = Mean time per level.
                   A        B        C        D        E       F      G
               +--------+--------+--------+--------+--------+-----+--------+
         Total |   2393 |   2361 |     32 |     13 |   1993 |   5 |  478.6 |
       Dungeon |   2393 |   2361 |     32 |     13 |   1993 |   5 |  478.6 |
               +--------+--------+--------+--------+--------+-----+--------+

Top non-repeatable levels by time:
     D:2: 1059 daAuts
     D:1: 906 daAuts
     D:3: 350 daAuts
     D:6: 62 daAuts
     D:5: 14 daAuts
